 Dungeon Crawl Stone Soup version 0.19-a0-1720-gc855d72 (webtiles) character file.

7579 Amnesiac the Jinx (level 10, -3/56 HPs)
             Began as a Deep Elf Enchanter on Sept 29, 2016.
             Was an Initiate of Gozag.
             Succumbed to a queen ant's poison
             ... on level 10 of the Dungeon.
             The game lasted 00:20:57 (8997 turns).

Amnesiac the Jinx (Deep Elf Enchanter)              Turns: 8997, Time: 00:20:58

Health: -3/56      AC:  5    Str:  5    XL:     10   Next: 97%
Magic:  25/32      EV: 18    Int: 21    God:    Gozag
Gold:   797        SH:  3    Dex: 18    Spells: 5 memorised, 12 levels left

rFire  . . .     SeeInvis .     n - +3 dagger (venom)
rCold  . . .     Gourm    .     b - +1 robe
rNeg   . . .     Faith    .     (no shield)
rPois  .         Spirit   .     (no helmet)
rElec  .         Dismiss  .     m - +0 cloak
rCorr  .         Reflect  +     (no gloves)
MR     +....     Harm     .     (no boots)
Stlth  +++++.....               y - +3 amulet of reflection
                                (no ring)
                                p - ring of magical power

@: lethally poisoned (-3 -> -103), gold aura
A: no striking features
a: Potion Petition, Call Merchant, Bribe Branch, Renounce Religion


You were on level 10 of the Dungeon.
You worshipped Gozag.
Gozag was pleased with you.
You were full.

You visited 2 branches of the dungeon, and saw 11 of its levels.

You collected 1674 gold pieces.
You spent 103 gold pieces at shops.
You paid 774 gold pieces to Gozag.

Inventory:

Hand Weapons
 n - a +3 dagger of venom (weapon)
 F - a +2 dagger of speed
Missiles
 L - 2 throwing nets (quivered)
Armour
 b - a +1 robe (worn)
 m - a +0 cloak (worn)
Rods
 f - a +2 iron rod (14/14)
   (You found it on level 5 of the Dungeon)
Jewellery
 p - a ring of magical power (left hand)
 y - a +3 amulet of reflection (around neck)
 A - an uncursed amulet of guardian spirit
 H - a +5 ring of dexterity {unknown}
 J - a +1 ring of protection {unknown}
Wands
 E - a wand of polymorph (16/24)
Scrolls
 h - 3 scrolls of teleportation {unknown}
 k - 3 scrolls of identify
 q - 5 scrolls of enchant armour {unknown}
 s - a scroll of fog {unknown}
 t - 2 scrolls of amnesia {unknown}
 u - 5 scrolls of magic mapping
 v - 4 scrolls of remove curse
 w - 3 scrolls of recharging {unknown}
 x - a scroll of fear
 B - a scroll of immolation {unknown}
 C - 3 scrolls of enchant weapon {unknown}
 K - a scroll of silence {unknown}
 N - a scroll of blinking {unknown}
Potions
 a - 3 potions of haste {unknown}
 c - a potion of resistance {unknown}
 e - 3 potions of curing {unknown}
 g - a potion of degeneration {unknown}
 i - 2 potions of cancellation {unknown}
 j - a potion of brilliance
 l - a potion of invisibility
 o - a potion of flight
 z - a potion of agility {unknown}
 D - a potion of berserk rage {unknown}
 I - 2 potions of magic {unknown}
Books
 G - a book of Callings

   Spells                             Type                      Level
   a - Summon Small Mammal            Summoning                    1
   b - Call Imp                       Summoning                    2
   c - Call Canine Familiar           Summoning                    3
   d - Summon Guardian Golem          Hexes/Summoning              3
   e - Summon Lightning Spire         Summoning/Air                4
   f - Summon Ice Beast               Ice/Summoning                4
Comestibles
 d - 9 bread rations
 r - 3 meat rations
 M - 7 beef jerkies


   Skills:
 + Level 4.1 Fighting
 + Level 6.4 Short Blades
 + Level 7.7 Dodging
 * Level 11.4 Stealth
 + Level 7.9 Spellcasting
 * Level 12.0 Hexes


You had 12 spell levels left.
You knew the following spells:

 Your Spells              Type           Power        Failure   Level  Hunger
a - Dazzling Spray        Conj/Hex       ####..       2%          3    None
b - Corona                Hex            ######.      1%          1    None
e - Confuse               Hex            ######..     1%          3    None
f - Ensorcelled Hibernat  Hex/Ice        ####..       1%          2    None
w - Tukima's Dance        Hex            ######..     1%          3    None


Dungeon Overview and Level Annotations

Branches:
Dungeon (10/15)            Temple (1/1) D:5             Orc (0/2) D:9
   Lair: D:8-11

Altars:
Ashenzari
Cheibriados
Dithmenos
Elyvilon
Fedhas
Gozag
Hepliaklqana
Kikubaaqudgha
Makhleb
Nemelex Xobeh
Okawaru
Qazlal
Ru
Sif Muna
Trog
Uskayaw
Vehumet
Xom
Yredelemnul
Zin
The Shining One
Jiyva

Shops:
D:8 *   D:9 *


Message History

Unknown command.
Casting: Ensorcelled Hibernation
Confirm with . or Enter, or press ? or * to list all spells.
Aiming: Ensorcelled Hibernation
Press: ? - help, Shift-Dir - straight line, f/p - queen ant
Aim: a queen ant (chance to defeat MR: 27%)
The queen ant resists with almost no effort.
You feel very sick.
The soldier ant is no longer distracted by gold.
The worker ant is distracted by the nearby gold.
The worker ant bites you but does no damage.
The queen ant stings you!!
* * * LOW HITPOINT WARNING * * *
You are more poisoned.
The queen ant poisons you!
The worker ant twitches its antennae in your direction.
* * * LOW HITPOINT WARNING * * *
You feel extremely sick.
You die...
Your body crumbles into a pile of gold.

##...##...#
#+#####+#####'####...#
#....................#
#....................#
#....................#
#....................#
.+.............)......#..
.#.#....#####...######...
.#.#.##@..##...#........ .
#.#.#.#....#.<.#........
..##a#..##aa..+...#..>.....
.....a.$#a....#...#........
#..a..#.#....#...#........
##aa##....#...'........
#....#.########........
..a[....#.#..............###
#a......a#...............#..


You could see a queen ant and 2 worker ants.

Vanquished Creatures
  The ghost of PeterLawrence the Basher, a novice MiMo of Okawaru (D:5)
  A gargoyle (D:10)
  Prince Ribbit (D:8)
  3 hippogriffs
  2 wraiths
  6 yaks (D:9)
  Eustachio (D:6)
  2 soldier ants (D:10)
  6 orc warriors
  3 ice beasts
  A sky beast (D:6)
  A wasp (D:5)
  6 phantoms
  A black bear (D:5)
  5 ogres
  A necrophage (D:5)
  2 centaurs
  5 bullfrogs
  A gnoll sergeant (D:7)
  3 scorpions
  A water moccasin skeleton (D:8)
  3 killer bees (D:8)
  3 wights (D:9)
  A howler monkey (D:6)
  A crimson imp (D:8)
  3 human zombies (D:9)
  3 bullfrog skeletons
  3 hounds
  2 jellies
  5 orc priests
  A centaur skeleton (D:7)
  Jessica (D:2)
  3 iguanas
  8 worker ants
  A human skeleton (D:9)
  12 orc wizards
  2 killer bee zombies
  3 hound skeletons
  6 adders
  5 gnolls
  2 shadow imps
  2 oozes
  An adder zombie (D:9)
  A worm (D:5)
  A dart slug (D:2)
  5 leopard geckos
  27 orcs
  A ball python (D:4)
  6 giant cockroaches
  2 gnoll zombies (D:4)
  6 goblins
  9 hobgoblins
  7 jackals
  6 kobolds
  4 quokkas
  9 bats
  3 frilled lizards
  An orc skeleton (D:9)
  3 orc zombies (D:9)
  2 quokka skeletons
  2 quokka zombies (D:5)
  12 rats
231 creatures vanquished.

Vanquished Creatures (collateral kills)
  An orc warrior (D:9)
  An ogre (D:4)
2 creatures vanquished.

Vanquished Creatures (others)
  A dancing weapon (D:4)
  An orc wizard (D:9)
2 creatures vanquished.

Grand Total: 235 creatures vanquished

Notes
Turn   | Place    | Note
-------+----------+-------------------------------------------
     0 | D:1      | Amnesiac the Deep Elf Enchanter began the quest for the Orb.
     0 | D:1      | Reached XP level 1. HP: 10/10 MP: 6/6
   607 | D:2      | Reached XP level 2. HP: 4/15 MP: 8/8
   611 | D:2      | Learned a level 2 spell: Ensorcelled Hibernation
  1071 | D:2      | Noticed Jessica
  1075 | D:2      | Killed Jessica
  1075 | D:2      | Reached XP level 3. HP: 19/19 MP: 9/9
  1080 | D:2      | Learned a level 3 spell: Confuse
  1140 | D:4      | Noticed an ogre
  1141 | D:4      | Killed an ogre
  1141 | D:4      | Reached skill level 5 in Hexes
  1141 | D:4      | Reached XP level 4. HP: 24/24 MP: 9/11
  1183 | D:4      | Reached XP level 5. HP: 20/28 MP: 12/12
  1223 | D:4      | Learned a level 3 spell: Tukima's Dance
  1234 | D:4      | Reached skill level 5 in Stealth
  1336 | D:4      | Found a basalt altar of Yredelemnul.
  1372 | D:4      | Noticed an ogre
  1385 | D:4      | Noticed a phantom
  1390 | D:4      | Killed an ogre
  1453 | D:4      | HP: 1/28 [phantom (5)]
  1524 | D:4      | Killed a phantom
  1524 | D:4      | Reached XP level 6. HP: 8/32 MP: 4/14
  1735 | D:4      | Reached skill level 6 in Hexes
  2329 | D:4      | Reached XP level 7. HP: 36/37 MP: 10/15
  2334 | D:4      | Learned a level 3 spell: Dazzling Spray
  2457 | D:5      | Entered Level 5 of the Dungeon
  2511 | D:5      | Found a stormy altar of Qazlal.
  2553 | D:5      | Reached skill level 1 in Fighting
  2769 | D:5      | Reached skill level 7 in Hexes
  2924 | D:5      | Found an opulent altar of Gozag.
  2933 | D:5      | Became a worshipper of Gozag Ym Sagoz the Greedy
  3838 | D:3      | Found a shadowy altar of Dithmenos.
  4270 | D:5      | Noticed PeterLawrence's ghost (novice MiMo)
  4543 | D:5      | Killed PeterLawrence's ghost
  4543 | D:5      | Reached skill level 5 in Spellcasting
  4543 | D:5      | Reached XP level 8. HP: 26/43 MP: 6/17
  4697 | D:5      | Reached skill level 5 in Dodging
  4725 | D:5      | Reached skill level 8 in Hexes
  4982 | D:5      | Found a staircase to the Ecumenical Temple.
  5076 | Temple   | Entered the Ecumenical Temple
  5282 | D:6      | Reached XP level 9. HP: 47/49 MP: 14/20
  5394 | D:6      | Found a shimmering altar of Xom.
  5398 | D:6      | Found a sacrificial altar of Ru.
  5399 | D:6      | Found a shattered altar of Ashenzari.
  5406 | D:6      | Found a radiant altar of Vehumet.
  5448 | D:6      | Noticed Eustachio
  5459 | D:6      | Killed Eustachio
  5459 | D:6      | Reached skill level 9 in Hexes
  5471 | D:6      | Found an iron altar of Okawaru.
  6627 | D:8      | Reached skill level 5 in Short Blades
  6659 | D:8      | Noticed Prince Ribbit
  6670 | D:8      | Killed Prince Ribbit
  6988 | D:8      | Reached skill level 10 in Stealth
  6988 | D:8      | Reached skill level 10 in Hexes
  7170 | D:8      | Reached XP level 10. HP: 56/56 MP: 22/22
  7415 | D:8      | Bought a scroll of magic mapping for 45 gold pieces
  7576 | D:9      | Found an ancient bone altar of Kikubaaqudgha.
  7963 | D:9      | Found Pogumm's Assorted Antiques.
  7971 | D:9      | Bought a scroll labeled VYEDEO NIEF for 29 gold pieces
  7971 | D:9      | Bought a scroll labeled PIOTRE HUNAC for 29 gold pieces
  8059 | D:9      | Reached skill level 11 in Hexes
  8546 | D:9      | Found a staircase to the Orcish Mines.
  8883 | D:10     | Entered Level 10 of the Dungeon
  8922 | D:10     | Noticed a gargoyle
  8942 | D:10     | Killed a gargoyle
  8982 | D:10     | Noticed a queen ant
  8992 | D:10     | Reached skill level 12 in Hexes
  8997 | D:10     | Succumbed to a queen ant's poison

Vault maps used:
D:1:      dpeg_arrival_orchard
D:2:      uniq_jessica
D:3:      grunt_dithmenos_smoke, first_bread
D:4:      lemuel_zombie_altar_yredelemnul, minmay_tree_intersection
D:5:      kennysheep_windowed_halls, grunt_qazlal_sundering,
          lemuel_coloured_pillars_altar
D:6:      kennysheep_okawaru_gauntlet, grunt_temple_overflow_open,
          uniq_eustachio
D:8:      uniq_prince_ribbit1
D:9:      lemuel_mausoleum_altar_kikubaaqudgha, david_orc_4, serial_shops,
          nicolae_shop_crystal, grunt_ogre_cave
D:10:     minmay_another_anthill
Temple:   pf_slime_end_temple

Skill      XL: |  1  2  3  4  5  6  7  8  9 10 |
---------------+-------------------------------+-----
Short Blades   | 2 3 4 5 6 |  6.4
Stealth        | 4 5 6 7 8 10 11 | 11.4
Dodging        | 3 4 5 6 7 |  7.7
Hexes          | 5 6 7 8 10 12 | 12.0
Spellcasting   | 4 5 6 7 |  7.9
Fighting       | 1 2 3 4 |  4.1

Action                   |  1- 3 |  4- 6 |  7- 9 | 10-12 || total
-------------------------+-------+-------+-------+-------++-------
Melee: Dagger            |    38 |    91 |   338 |   165 ||   632
 Cast: Corona            |     5 |       |       |       ||     5
       Ensorcelled Hiber |     4 |     7 |    32 |    34 ||    77
       Confuse           |       |    25 |    37 |    20 ||    82
       Tukima's Dance    |       |     2 |       |     1 ||     3
       Dazzling Spray    |       |       |     1 |     4 ||     5
Invok: Call Merchant     |       |       |       |     1 ||     1
  Use: Scroll            |       |     3 |     3 |       ||     6
 Stab: Sleeping          |     7 |     6 |    45 |    38 ||    96
       Confused          |       |     8 |    26 |    11 ||    45
       Distracted        |       |     1 |     1 |       ||     2
       Invisible         |       |       |       |     1 ||     1
  Eat: Chunk             |     1 |     6 |     2 |       ||     9
       Fruit             |       |       |    10 |    10 ||    20
       Pizza             |       |       |     3 |       ||     3
       Beef jerky        |       |       |     1 |     1 ||     2
Armor: Robe              |     6 |    11 |    42 |     7 ||    66
Dodge: Dodged            |    20 |    27 |   186 |    71 ||   304
Block: Other             |       |       |     1 |    12 ||    13
       Reflection        |       |       |       |     1 ||     1
